 Dungeon Crawl Stone Soup version 0.30-a0-883-g5ad918d77d (webtiles) character file.

Game seed: 13394308973760040008

77 BigDaddyOpFi the Covered (level 4, -8/40 HPs)
             Began as an Armataur Fighter on Mar 17, 2023.
             Mangled by an iguana (10 damage)
             ... on level 3 of the Dungeon.
             The game lasted 00:01:47 (1867 turns).

BigDaddyOpFi the Covered (Armataur Fighter)         Turns: 1867, Time: 00:01:48

Health: -8/40      AC: 12    Str: 23    XL:     4   Next: 13%
Magic:  13/13      EV:  4    Int:  9    God:
Gold:   120        SH:  4    Dex:  9    Spells: 3/3 levels left

rFire   + . .      SeeInvis .    a - +0 war axe
rCold   x . .      Faith    .    c - +0 buckler
rNeg    . . .      Spirit   .    h - +3 plate armour
rPois   .          Reflect  .    (no helmet)
rElec   .          Roll     +    (no cloak)
rCorr   .                        (no gloves)
Will    .....                    (no barding) Stlth
                                 (no amulet)
HPRegen 0.26/turn                f - ring of fire
MPRegen 0.13/turn                j - ring of magical power

@: mighty
A: large, rugged brown scales 3, deformed body, armoured tail, roll, long
tongue, awkward tongue
a: no special abilities


You were on level 3 of the Dungeon.
You visited 1 branch of the dungeon, and saw 3 of its levels.

You collected 120 gold pieces.

Inventory:

Hand Weapons
 a - a +0 war axe (weapon)
Armour
 c - a +0 buckler (worn)
 h - a +3 plate armour (worn)
Jewellery
 f - a ring of fire (left hand)
 j - a ring of magical power (right hand)
Scrolls
 i - a scroll of identify {unknown}
 l - a scroll of amnesia {unknown}
 m - a scroll of teleportation
 p - a scroll of magic mapping {unknown}
Potions
 b - a potion of ambrosia {unknown}
 e - a potion of heal wounds {unknown}
 g - a potion of haste
 k - a potion of magic {unknown}
 n - 2 potions of attraction {unknown}
 o - 2 potions of degeneration {unknown}


   Skills:
 + Level 3.2 Fighting
 + Level 2.2 Axes
 + Level 4.3 Armour
 + Level 3.9 Shields
 * Level 0.0 Invocations


You had 3 spell levels left.
You didn't know any spells.
Your spell library was empty.

Dungeon Overview and Level Annotations

Branches:
Dungeon (3/15)

Altars:
Okawaru

Shops:
D:2 (


Innate Abilities, Weirdness & Mutations

You are completely covered in rugged brown scales. (AC +3, +7% HP)
Armour fits poorly on your strangely shaped body.
You have a long armoured tail.
You roll when moving toward enemies. (Rampage)
Your long tongue fully drains potion bottles. (2x potion effects)
Your tongue gives you trouble enunciating. (1.5x scroll delay)


Message History

The iguana is moderately wounded.
The iguana bites you but does no damage.
The iguana completely misses you.
You closely miss the iguana.
The iguana is moderately wounded.
The iguana bites you but does no damage.
An adder comes into view.
You barely miss the iguana.
The iguana is moderately wounded.
The adder hisses angrily.
The iguana hisses menacingly.
The iguana bites you. The iguana bites you!
You are too injured to fight recklessly!
You are too injured to fight recklessly!
You are too injured to fight recklessly!
You are too injured to fight recklessly!
You are too injured to fight recklessly!
You are too injured to fight recklessly!
You are too injured to fight recklessly!
You are too injured to fight recklessly!
You are too injured to fight recklessly!
You are too injured to fight recklessly!
You hit the iguana.
Your tail-slap misses the iguana.
The iguana is heavily wounded.
The iguana closely misses you.
You slurp down every last drop of the potion of might!
You feel very mighty all of a sudden.
The iguana bites you but does no damage.
You slash the iguana!
The iguana is almost dead.
The iguana bites you!
* * * LOW HITPOINT WARNING * * *
You closely miss the iguana.
The iguana is almost dead.
You barely miss the adder. The adder bites you.
* * * LOW HITPOINT WARNING * * *
The iguana bites you.
* * * LOW HITPOINT WARNING * * *
The adder bites you but does no damage. The iguana bites you!
You die...

#..... . #....
... ..
###.......#
...##..... ...
.........#..# #
#..#....#..#.#
##....l......#
#.....@.#....#
.....#..S.....#
#..[##....#..##
........###..#
......#..##.##
......##....#
..........#.#
.......#....#
.....#......# .


You could see an iguana and an adder.

Vanquished Creatures
  4 adders (D:2)
  A dart slug (D:1)
  5 bats
  2 endoplasms (D:1)
  A giant cockroach (D:1)
  6 goblins
  4 hobgoblins
  7 kobolds
  A quokka (D:2)
  5 ball pythons (D:2)
  2 frilled lizards
  A rat (D:2)
39 creatures vanquished.

Notes
Turn   | Place    | Note
-------+----------+-------------------------------------------
     0 | D:1      | BigDaddyOpFi the Armataur Fighter began the quest for the
                  | Orb.
     0 | D:1      | Reached XP level 1. HP: 19/19 MP: 1/1
   128 | D:1      | Reached XP level 2. HP: 26/26 MP: 2/2
   402 | D:1      | Reached skill level 4 in Armour
  1085 | D:2      | Reached XP level 3. HP: 33/33 MP: 3/3
  1151 | D:2      | Found Zaxtef's Weapon Shop.
  1312 | D:2      | Found an iron altar of Okawaru.
  1352 | D:2      | Reached XP level 4. HP: 26/40 MP: 4/4
  1867 | D:3      | HP: 2/40 [iguana (6)]
  1867 | D:3      | Mangled by an iguana

Illustrated notes

Levels and vault maps discovered:
D:1:      eino_arrival_cavern_e, layout_loops_corners
D:2:      layout_basic, basic_altar, serial_shops,
          nicolae_shop_advertising_works [nicolae_subvault_shop_adworks]
D:3:      layout_rooms, grunt_gozag_breadcrumbs, okawaru_ov_weapons_minmay,
          mainiacjoe_overflow_swirl, evilmike_ruin_ashenzari,
          old_standard_altar, feat_on_display

Skill      XL: |  1  2 |
---------------+-------+-----
Armour         | 4 |  4.3
Fighting       | 3 |  3.2
Axes           | 2 |  2.2
Shields        | |  3.9

Action                     |  1- 3 |  4- 6 || total
---------------------------+-------+-------++-------
  Melee: War axe           |   102 |    22 ||   124
         Tailslap          |     8 |       ||     8
    Use: Scroll            |     2 |       ||     2
         Potion            |       |     1 ||     1
 Armour: Scale mail        |    17 |       ||    17
         Plate armour      |    59 |    10 ||    69
  Dodge: Dodged            |    14 |     4 ||    18
  Block: Buckler           |    27 |     3 ||    30

Table legend: (Time is in decaauts)
 A = Elapsed time spent in this place.
 B = Non-inter-level travel time spent in this place.
 C = Inter-level travel time spent in this place.
 D = Time resting spent in this place.
 E = Time spent auto-exploring this place.
 F = Levels seen in this place.
 G = Mean time per level.
                   A        B        C        D        E       F      G
               +--------+--------+--------+--------+--------+-----+--------+
         Total |   1919 |   1816 |    103 |      0 |   1490 |   3 |  639.7 |
       Dungeon |   1919 |   1816 |    103 |      0 |   1490 |   3 |  639.7 |
               +--------+--------+--------+--------+--------+-----+--------+

Top non-repeatable levels by time:
     D:1: 1020 daAuts
     D:2: 860 daAuts
     D:3: 37 daAuts
